 Seeded DCSS version 0.29.1-15-g9cfb28693d (webtiles) character file.

Game seed: 12947039438745426135 (custom seed)

40 Psyclone the Stinger (level 3, 0/21 HPs)
             Began as an Octopode Venom Mage on Sept 20, 2023.
             Succumbed to an adder's poison
             ... on level 2 of the Dungeon.
             The game lasted 00:01:41 (740 turns).

Psyclone the Stinger (Octopode Venom Mage)           Turns: 740, Time: 00:01:41

Health: 0/21       AC:  1    Str:  7    XL:     3   Next: 50%
Magic:  0/6        EV: 13    Int: 19    God:
Gold:   37         SH:  0    Dex: 12    Spells: 5/6 levels left

rFire   . . .      SeeInvis .   (no weapon)
rCold   . . .      Faith    .   (no shield)
rNeg    . . .      Spirit   .   (helmet restricted)
rPois   .          Reflect  .   (no amulet)
rElec   .          Harm     .   (no ring)
rCorr   .          Rampage  .   (no ring)
Will    .....                   (no ring)
Stlth   +++.......              (no ring)
HPRegen 0.07/turn               (no ring)
MPRegen 0.10/turn               (no ring)
                                (no ring)
                                (no ring)

@: brilliant, lethally poisoned (0 -> -2)
A: almost no armour, amphibious, 8 rings, camouflage 1, gelatinous body 1,
(nimble swimmer 1), tentacles
a: no special abilities


You were on level 2 of the Dungeon.
You visited 1 branch of the dungeon, and saw 2 of its levels.

You collected 37 gold pieces.

Inventory:

Scrolls
 b - a scroll of blinking {unknown}
Potions
 a - a potion of magic


   Skills:
 - Level 2.0 Dodging
 - Level 2.6 Stealth
 - Level 2.0 Spellcasting
 - Level 1.0 Transmutations
 + Level 5.4 Poison Magic


You had 5 spell levels left.
You knew the following spells:

 Your Spells              Type           Power      Damage    Failure   Level
a - Sting                 Tmut/Pois      84%        1d7       4%          1

Your spell library contained the following spells:

 Spells                   Type           Power      Damage    Failure   Level
 Poisonous Vapours        Pois/Air       36%        N/A       9%          2
 Sandblast                Erth           4%         2d4       17%         1
 Olgreb's Toxic Radiance  Pois           33%        N/A       19%         4
 Passwall                 Tmut/Erth      4%         N/A       21%         2
 Mephitic Cloud           Conj/Pois/Air  13%        N/A       24%         3
 Stone Arrow              Conj/Erth      4%         3d7       45%         3


Dungeon Overview and Level Annotations

Branches:
Dungeon (2/15) Zot: 11260

Altars:

Shops:
D:2 :


Innate Abilities, Weirdness & Mutations

You cannot wear most types of armour.
You are amphibious.
You can wear up to eight rings at the same time.
Your skin changes colour to match your surroundings (Stealth+).
Your rubbery body absorbs attacks. (AC +1, EV +1)
((You are camouflaged when in or above water. (Stealth+)))
You have tentacles for arms and can constrict up to eight enemies at once.


Message History

Aiming: Sting (safe; 4% risk of failure)
Press: ? - help, Shift-Dir - straight line, f/p - adder
Aim: an adder (moderately wounded, poisoned, 53% to hit)
The sting misses the adder.
You feel sick. The adder bites you. The adder closely misses you.
You take 2 damage, and have 13/21 hp.
You now have 0/6 mp.
The adder attacks as you move away! The adder misses you.
You feel sick.
You take 1 damage, and have 12/21 hp.
You feel sick.
You take 1 damage, and have 11/21 hp.
You feel sick.
You are no longer poisoned.
Your magical contamination has completely faded away.
You take 1 damage, and have 10/21 hp.
The adder attacks as you move away! The adder bites you. x2
* * * LOW HITPOINT WARNING * * *
You are lethally poisoned!
The adder poisons you!
You take 6 damage, and have 4/21 hp.
MASSIVE DAMAGE!!
* * * LOW HITPOINT WARNING * * *
You feel sick.
You kill the adder!
You take 2 damage, and have 2/21 hp.
Found Jetott's Book Shop.
* * * LOW HITPOINT WARNING * * *
You feel sick.
It was a potion of brilliance.
You feel clever all of a sudden.
* * * LOW HITPOINT WARNING * * *
You feel sick.
You take 1 damage, and have 1/21 hp.
Casting: Sting (safe; 4% risk of failure)
Confirm with . or Enter, or press ? or * to list all spells.
Aiming: Sting (safe; 4% risk of failure)
Press: ? - help, Shift-Dir - straight line, f - frilled lizard
Aim: a frilled lizard (60% to hit)
You feel a surge of power!
The sting hits the frilled lizard!
The frilled lizard is poisoned.
You kill the frilled lizard!
You die...

## ♣# ####. . ###....♣∩
......... ........♣#
#.........# ..
#.........#######..
#.......@........#
....#####....w...# #
........#........##.#
........#...........#
........#........########
...............(.........
.#...####................
#.. #.........###### ##
######.....#


You could see a dart slug.

Vanquished Creatures
  3 adders (D:2)
  A ball python (D:2)
  2 goblins (D:2)
  A hobgoblin (D:1)
  4 jackals (D:1)
  A quokka (D:1)
  2 frilled lizards (D:2)
  A rat (D:1)
15 creatures vanquished.

Notes
Turn   | Place    | Note
-------+----------+-------------------------------------------
     0 | D:1      | Psyclone the Octopode Venom Mage began the quest for the
                  | Orb.
     0 | D:1      | Reached XP level 1. HP: 11/11 MP: 3/3
    80 | D:1      | Reached skill level 4 in Poison Magic
    85 | D:1      | Reached XP level 2. HP: 13/17 MP: 0/5
   206 | D:1      | You fall into a shaft and drop 1 floor!
   463 | D:2      | Reached skill level 5 in Poison Magic
   463 | D:2      | Reached XP level 3. HP: 13/21 MP: 0/6
   738 | D:2      | Found Jetott's Book Shop.
   739 | D:2      | HP: 1/21 [poisoned by an adder]
   740 | D:2      | Succumbed to an adder's poison

Illustrated notes

Levels and vault maps discovered:
D:1:      kennysheep_arrival_forest, layout_rooms,
          hellmonk_ecumenical_altar_lost_god, nicolae_shop_unique_rings,
          serial_bayou_ford_a
D:2:      layout_basic, serial_shops, nicolae_shop_trees

Skill      XL: |  1  2 |
---------------+-------+-----
Poison Magic   | 4 5 |  5.4
Dodging        | |  2.0
Stealth        | |  2.6
Spellcasting   | |  2.0
Transmutations | |  1.0

Action                   || total
-------------------------++-------
Melee: Unarmed           ||    22
       Constrict         ||     7
       Tentacles         ||     3
       Punch             ||     1
 Cast: Sting             ||    24
  Use: Potion            ||     1
 Stab: Sleeping          ||     1
Armor: Skin              ||     3
Dodge: Dodged            ||    29
